 Dungeon Crawl Stone Soup version 0.19.1-1-g22dce08 (webtiles) character file.

816 dngmouse the Cleaver (level 7, -1/67 HPs)
             Began as a Minotaur Monk on Jan 11, 2017.
             Slain by dngmouse's ghost (12 damage)
             ... on level 4 of the Dungeon.
             The game lasted 00:20:27 (3348 turns).

dngmouse the Cleaver (Minotaur Monk)                Turns: 3348, Time: 00:20:27

Health: -1/67      AC:  8    Str: 17    XL:     7   Next: 62%
Magic:  6/6        EV: 12    Int:  7    God:
Gold:   254        SH:  0    Dex: 13    Spells: 0 memorised, 6 levels left

rFire  . . .     SeeInvis .     a - +1 hand axe
rCold  . . .     Gourm    .     x - +0 ring mail
rNeg   . . .     Faith    .     (no shield)
rPois  .         Spirit   .     (helmet restricted)
rElec  .         Reflect  .     r - +2 cloak {+Inv}
rCorr  .         Harm     .     (no gloves)
MR     .....     Rnd*Tele +     (no boots)
Stlth  +.........               (no amulet)
                                (no ring)
                                f - ring of teleportation

@: very slightly contaminated
A: retaliatory headbutt, horns 2
a: Evoke Invisibility


You were on level 4 of the Dungeon.
You were very hungry.

You visited 1 branch of the dungeon, and saw 4 of its levels.
You also visited: Ossuary.

You collected 254 gold pieces.

Inventory:

Hand Weapons
 a - a +1 hand axe (weapon)
Missiles
 i - 2 tomahawks (quivered)
 l - 116 stones
Armour
 r - a +2 cloak of invisibility (worn)
 x - a +0 ring mail (worn)
Jewellery
 f - a ring of teleportation (left hand)
 p - an uncursed ring of see invisible {unknown}
Wands
 v - a wand of paralysis (22/24)
Scrolls
 e - 2 scrolls of enchant weapon
 g - a scroll of noise
 o - 2 scrolls of recharging
 q - 2 scrolls of identify
 u - 2 scrolls of remove curse
Potions
 s - 6 potions of curing
 t - a potion of magic
 w - a potion of flight
Comestibles
 c - a bread ration
 h - 2 beef jerkies
 j - 5 meat rations
 m - a royal jelly


   Skills:
 + Level 7.7 Fighting
 + Level 8.0 Axes
 - Level 2.0 Throwing
 - Level 3.2 Dodging
 - Level 1.5 Stealth


You had 6 spell levels left.
You didn't know any spells.

Dungeon Overview and Level Annotations

Branches:
Dungeon (4/15)
 Temple: D:4-7

Altars:
Cheibriados
Zin

Annotations:
D:4 dngmouse's ghost, novice HOFi


Innate Abilities, Weirdness & Mutations

You reflexively headbutt those who attack you in melee.
You have a pair of horns on your head.


Message History

You barely miss dngmouse's ghost.
Dngmouse's ghost is severely damaged.
Dngmouse's ghost hits you!
* * * LOW HITPOINT WARNING * * *
You hit dngmouse's ghost but do no damage.
Dngmouse's ghost is severely damaged.
Dngmouse's ghost hits you!
* * * LOW HITPOINT WARNING * * *
You hit dngmouse's ghost.
Dngmouse's ghost is severely damaged.
You feel less woody.
Your +2 cloak of invisibility unmelds from your body.
Your +0 ring mail unmelds from your body.
You become transparent for a moment.
Dngmouse's ghost hits you but does no damage.
You fail to use your ability.
Dngmouse's ghost hits you.
* * * LOW HITPOINT WARNING * * *
You fail to use your ability.
Dngmouse's ghost barely misses you.
You fail to use your ability.
Dngmouse's ghost hits you!
You die...

........'....# ##≈≈
........#..### #.≈#
##########.#8.#A# ##.≈≈
#.......##.###### #..≈≈
#.#####.##.### ####.#≈≈
#.# #.##.#.# #.....≈≈ #.#
#.##.#.# #.##.#≈≈ #.#
#.##W#.# #.##.#≈# #.#
#.##@#.# #.##.#≈≈ #.#
#.##.#.#######.##.### #.#
#.##.#.........##.# #.#
#....#.##########.#
#.############ #.#
#............##########.#
############............#
##############


You could see dngmouse's ghost.

Vanquished Creatures
  Sigmund (D:3)
  2 ogres (D:4)
  A howler monkey (D:3)
  An orc priest (D:4)
  An orc wizard (D:4)
  5 big kobold zombies (Ossuary)
  A hound skeleton (D:2)
  2 mummies
  Robin (D:4)
  6 adders
  An ooze (D:1)
  2 adder zombies (D:2)
  2 adder skeletons
  4 worms
  A dart slug (D:2)
  5 leopard geckos
  8 orcs
  3 spectral bats (Ossuary)
  5 bats
  3 giant cockroaches (D:1)
  20 goblins
  14 hobgoblins
  4 jackals (D:2)
  14 kobolds
  2 ball pythons (D:2)
  2 bat simulacra (Ossuary)
  5 frilled lizards
  6 gnoll zombies (Ossuary)
  3 goblin simulacra (Ossuary)
  3 goblin zombies (Ossuary)
  4 hobgoblin zombies (Ossuary)
  7 kobold simulacra (Ossuary)
  5 kobold zombies (Ossuary)
  A leopard gecko skeleton (D:2)
  4 orc zombies (Ossuary)
  11 rats
  3 rat simulacra (Ossuary)
  3 spectral goblins (Ossuary)
  2 spectral kobolds (Ossuary)
  2 spectral rats (Ossuary)
170 creatures vanquished.

Vanquished Creatures (others)
  A gnoll zombie (Ossuary)
  2 goblin zombies (Ossuary)
3 creatures vanquished.

Grand Total: 173 creatures vanquished

Notes
Turn   | Place    | Note
-------+----------+-------------------------------------------
     0 | D:1      | dngmouse the Minotaur Monk began the quest for the Orb.
     0 | D:1      | Reached XP level 1. HP: 19/19 MP: 0/0
    51 | D:1      | Reached skill level 4 in Axes
    97 | D:1      | Reached XP level 2. HP: 23/27 MP: 1/1
   122 | D:1      | Reached skill level 1 in Throwing
   353 | D:1      | Reached XP level 3. HP: 33/33 MP: 2/2
   928 | D:2      | Reached XP level 4. HP: 31/41 MP: 3/3
  1215 | D:2      | Reached skill level 5 in Axes
  1265 | D:2      | Reached skill level 5 in Fighting
  1318 | D:2      | Reached XP level 5. HP: 40/48 MP: 4/4
  1571 | D:3      | Found a snail-covered altar of Cheibriados.
  1874 | D:3      | Noticed Sigmund
  1882 | D:3      | Killed Sigmund
  1882 | D:3      | Reached skill level 6 in Axes
  1882 | D:3      | Reached XP level 6. HP: 32/57 MP: 5/5
  2257 | D:4      | Noticed Robin
  2274 | D:4      | Reached skill level 7 in Axes
  2275 | D:4      | HP: 2/58 [Robin/spear of piercing (3)]
  2280 | D:4      | Killed Robin
  2489 | D:4      | Reached XP level 7. HP: 29/66 MP: 6/6
  2535 | D:4      | Found a sand-covered staircase.
  2546 | Ossuary  | Entered an ossuary
  2972 | D:4      | Reached skill level 8 in Axes
  3165 | D:4      | Found a glowing silver altar of Zin.
  3166 | D:4      | Noticed an angel
  3175 | D:4      | Noticed dngmouse's ghost (novice HOFi)
  3348 | D:4      | Slain by dngmouse's ghost

Skill      XL: |  1  2  3  4  5  6  7 |
---------------+----------------------+-----
Axes           | 4 5 6 7 8 |  8.0
Throwing       | 1 2 |  2.0
Fighting       | 4 5 6 7 |  7.7
Dodging        | |  3.2
Stealth        | |  1.5

Action                   |  1- 3 |  4- 6 |  7- 9 || total
-------------------------+-------+-------+-------++-------
Melee: Hand axe          |    88 |   146 |   229 ||   463
       Headbutt          |    15 |    24 |    36 ||    75
Throw: Stone             |       |     2 |       ||     2
       Tomahawk          |       |     2 |       ||     2
  Use: Scroll            |       |     6 |       ||     6
       Potion            |       |     4 |     9 ||    13
  Eat: Chunk             |       |     5 |       ||     5
       Beef jerky        |       |       |     2 ||     2
Armor: Robe              |    19 |    15 |       ||    34
       Ring mail         |       |    37 |    37 ||    74
       Skin              |       |    42 |    28 ||    70
Dodge: Dodged            |    71 |   103 |    73 ||   247
